 Dungeon Crawl Stone Soup version 0.25.1-9-gc5326a611f (webtiles) character file.

Game seed: 3734050572863073646

99 raceaflais the Cutter (level 5, 0/35 HPs)
             Began as a Halfling Warper on Dec 29, 2020.
             Slain by an adder (2 damage)
             ... on level 3 of the Dungeon.
             The game lasted 00:08:56 (3294 turns).

raceaflais the Cutter (Halfling Warper)             Turns: 3294, Time: 00:08:56

Health: 0/35       AC:  3    Str: 13    XL:     5   Next: 2%
Magic:  7/7        EV: 15    Int: 11    God:
Gold:   116        SH:  0    Dex: 14    Spells: 7/7 levels left

rFire    . . .     SeeInvis .   a - +1 short sword
rCold    . . .     Gourm    .   (shield restricted)
rNeg     . . .     Faith    .   b - +0 leather armour
rPois    .         Spirit   .   (no helmet)
rElec    .         Reflect  .   (no cloak)
rCorr    .         Harm     .   (no gloves)
MR       .....                  (no boots)
Stlth    +.........             (no amulet)
HPRegen  0.11/turn              (no ring)
MPRegen  0.10/turn              (no ring)

@: lethally poisoned (0 -> -4), very slightly contaminated, invisible
A: small, mutation resistance 1
a: no special abilities


You were on level 3 of the Dungeon.
You were very hungry.

You visited 1 branch of the dungeon, and saw 3 of its levels.

You collected 116 gold pieces.

Inventory:

Hand Weapons
 a - a +1 short sword (weapon)
 h - a +0 hunting sling
Missiles
 e - 4 boomerangs of dispersal (quivered)
 g - 77 stones
 m - 44 arrows
 o - 12 poisoned darts
Armour
 b - a +0 leather armour (worn)
 j - a +0 leather armour
 q - a +0 chain mail
Scrolls
 d - 2 scrolls of blinking
 i - a scroll of teleportation
 l - 2 scrolls of identify {unknown}
 n - a scroll of random uselessness {unknown}
 r - a scroll of magic mapping {unknown}
Potions
 c - a potion of lignification
 k - a potion of mutation
 p - a potion of brilliance {unknown}
Comestibles
 f - 6 rations


   Skills:
 + Level 2.3 Fighting
 + Level 3.6 Short Blades
 + Level 1.1 Throwing
 + Level 2.3 Armour
 + Level 3.1 Dodging
 + Level 0.2 Stealth
 + Level 1.8 Spellcasting
   Level 3.2 Translocations


You had 7 spell levels left.
You didn't know any spells.
Your spell library contained the following spells:

 Spells                   Type           Power        Failure   Level  Hunger
 Blink                    Tloc           N/A          16%         2    ###....
 Shroud of Golubria       Chrm/Tloc      #.....       28%         2    ###....
 Gell's Gravitas          Tloc           #.........   30%         3    ####...
 Lesser Beckoning         Tloc           #.........   30%         3    ####...
 Teleport Other           Tloc           #.......     30%         3    ####...
 Passage of Golubria      Tloc           N/A          69%         4    #####..


Dungeon Overview and Level Annotations

Branches:
Dungeon (3/15)

Altars:
Ashenzari
Yredelemnul


Innate Abilities, Weirdness & Mutations

You are small and have problems with some larger weapons.
You are somewhat resistant to further mutation.


Message History

You feel sick.
* * * LOW HITPOINT WARNING * * *
You feel sick. The adder barely misses you.
* * * LOW HITPOINT WARNING * * *
You feel sick.
* * * LOW HITPOINT WARNING * * *
You feel sick.
* * * LOW HITPOINT WARNING * * *
You feel sick. The adder closely misses you.
There is a stone staircase leading up here.
* * * LOW HITPOINT WARNING * * *
You feel sick.
* * * LOW HITPOINT WARNING * * *
You feel sick. The adder bites you but does no damage.
The adder closely misses you.
* * * LOW HITPOINT WARNING * * *
You feel sick.
There is a stone staircase leading down here.
The adder bites you.
You die...

......##.##..## ..#
..##.....##...##..# ##
#..............#
##......##...##.#
#.......###.....#
##......## #.##.##
#........# #.##..##
##.#......# #..#...##
......##..# ##SS@...##
......##..####.###...###
......##.....#.<..K..(.#
...............#######(#
.....)#..###.#..
#(#####.# ........##
#.###. #K......<
####.#.## # . ..
#.†...... .......# # #.
#......?. ....>.## ..
##..<....


You could see 2 adders.

Vanquished Creatures
  2 adders (D:2)
  An ooze (D:2)
  An adder zombie (D:2)
  2 adder skeletons (D:2)
  A worm (D:2)
  3 dart slugs
  A leopard gecko (D:1)
  A ball python (D:1)
  10 bats
  A bat skeleton (D:2)
  A giant cockroach (D:2)
  5 goblins
  3 hobgoblins
  6 jackals (D:1)
  5 kobolds
  4 frilled lizards
  A jackal zombie (D:2)
  9 rats
57 creatures vanquished.

Notes
Turn   | Place    | Note
-------+----------+-------------------------------------------
     0 | D:1      | raceaflais the Halfling Warper began the quest for the Orb.
     0 | D:1      | Reached XP level 1. HP: 14/14 MP: 3/3
   296 | D:1      | Reached XP level 2. HP: 18/19 MP: 4/4
   469 | D:1      | Found a shattered altar of Ashenzari.
   632 | D:1      | Reached XP level 3. HP: 17/24 MP: 5/5
  1611 | D:2      | Reached XP level 4. HP: 14/29 MP: 6/6
  1965 | D:2      | Found a basalt altar of Yredelemnul.
  3213 | D:3      | Reached XP level 5. HP: 35/35 MP: 7/7
  3294 | D:3      | Slain by an adder

Illustrated notes

Levels and vault maps discovered:
D:1:      moated_graveyard_arrival, layout_basic, minmay_tree_intersection,
          nicolae_ashenzari_panopticon
D:2:      layout_loops_ring, lemuel_coloured_pillars_altar, serial_undead,
          serial_undead_c, serial_undead_a, serial_undead_a, serial_undead_d,
          first_ration
D:3:      layout_rooms, uniq_terence

Skill      XL: |  1  2  3  4 |
---------------+-------------+-----
Fighting       | 2 |  2.3
Short Blades   | 3 |  3.6
Dodging        | 3 |  3.1
Armour         | 2 |  2.3
Throwing       | |  1.1
Stealth        | |  0.2
Spellcasting   | |  1.8
Translocations | |  3.2

Action                   |  1- 3 |  4- 6 || total
-------------------------+-------+-------++-------
Melee: Short sword       |   113 |   112 ||   225
Throw: Boomerang         |       |     1 ||     1
  Use: Scroll            |     4 |       ||     4
       Potion            |     3 |     1 ||     4
 Stab: Sleeping          |     1 |       ||     1
  Eat: Chunk             |     2 |     1 ||     3
       Ration            |       |     1 ||     1
Armor: Leather armour    |    26 |    24 ||    50
       Skin              |     2 |       ||     2
Dodge: Dodged            |    98 |   104 ||   202
